 Dungeon Crawl Stone Soup version 0.17-a0-812-gf7dae37 (webtiles) character file.

529 FedoraBrony69 the Conjurer (level 7, -11/36 HPs)
             Began as a Deep Elf Conjurer on Apr 26, 2015.
             Was a Follower of Sif Muna.
             Killed from afar by FedoraBrony69's ghost (16 damage)
             ... with an orb of energy
             ... on level 4 of the Dungeon.
             The game lasted 00:09:18 (3521 turns).

FedoraBrony69 the Conjurer (Deep Elf Conjurer)      Turns: 3521, Time: 00:09:18

Health: -11/36     AC:  6    Str:  5    XL:     7   Next: 3%
Magic:  1/18       EV: 13    Int: 22    God:    Sif Muna [*.....]
Gold:   16         SH:  0    Dex: 15    Spells: 4 memorised, 6 levels left

rFire  . . .     SeeInvis .     q - +0 spear
rCold  . . .     Clarity  .     a - +0 robe
rNeg   . . .     SustAb   .     (no shield)
rPois  .         Gourm    .     p - +2 helmet
rElec  .         Spirit   .     x - +0 cloak
rCorr  .         Warding  .     (no gloves)
rMut   .         Stasis   .     (no boots)
MR     .....                    (no amulet)
Stlth  ++........               (no ring)
                                (no ring)

@: not resistant to hostile enchantments, unstealthy
A: no striking features
a: Channel Energy, Renounce Religion


You were on level 4 of the Dungeon.
You worshipped Sif Muna.
Sif Muna was aware of your devotion.
You were very hungry.

You visited 1 branch of the dungeon, and saw 4 of its levels.

You collected 224 gold pieces.
You spent 208 gold pieces at shops.

Inventory:

Hand weapons
 g - a +0 club
 q - a +0 spear (weapon)
Armour
 a - a +0 robe (worn)
 p - a +2 helmet (worn)
 x - a +0 cloak (worn)
 y - a troll hide {Purgy}
Scrolls
 f - 8 scrolls of identify
 i - a scroll of recharging {unknown}
 k - 2 scrolls of noise
 m - a scroll of amnesia {unknown}
 n - 2 scrolls of magic mapping {unknown}
 u - a scroll of fog
 v - a scroll of teleportation {unknown}
 w - a scroll of remove curse
Potions
 d - 2 potions of heal wounds
 e - a potion of invisibility {unknown}
 h - 2 potions of mutation {unknown}
 j - 2 potions of haste {unknown}
 o - a potion of ambrosia {unknown}
 r - 2 potions of brilliance {unknown}
 s - a potion of restore abilities {unknown}
 t - 3 potions of agility {unknown}
Books
 b - a book of Conjurations

   Spells                             Type                      Level
   a - Magic Dart                     Conjuration                  1
   b - Searing Ray                    Conjuration                  2
   c - Dazzling Spray                 Conjuration/Hexes            3
   d - Fulminant Prism                Conjuration/Hexes            4
   e - Iskenderun's Mystic Blast      Conjuration                  4
   f - Iskenderun's Battlesphere      Conjuration/Charms           5
Comestibles
 c - 3 bread rations
 l - 6 fruits


   Skills:
 - Level 2.4 Dodging
 - Level 2.4 Stealth
 + Level 6.5 Spellcasting
 + Level 6.7 Conjurations
 * Level 5.0 Charms


You had 6 spell levels left.
You knew the following spells:

 Your Spells              Type           Power        Failure   Level  Hunger
a - Magic Dart            Conj           ####         1%          1    None
b - Iskenderun's Battles  Conj/Chrm      ####....     21%         5    #####..
c - Iskenderun's Mystic   Conj           #####...     8%          4    ###....
d - Dazzling Spray        Conj/Hex       ###.....     8%          3    #......


Dungeon Overview and Level Annotations

Branches:
Dungeon (4/15)
 Temple: D:4-7

Altars:
Ru
Sif Muna

Shops:
D:4 ?

Annotations:
D:4 FedoraBrony69's ghost, average DECj


Message History

* * * LOW HITPOINT WARNING * * *
Casting: Magic Dart
Confirm with . or Enter, or press ? or * to list all spells.
You don't have enough magic to cast that spell.
Casting: Magic Dart
Confirm with . or Enter, or press ? or * to list all spells.
You don't have enough magic to cast that spell.
You are too injured to fight recklessly!
You are too injured to fight recklessly!
FedoraBrony69's ghost barely misses you.
You see here a giant cockroach corpse.
You barely miss FedoraBrony69's ghost.
FedoraBrony69's ghost is heavily damaged.
FedoraBrony69's ghost hits you.
* * * LOW HITPOINT WARNING * * *
You hit FedoraBrony69's ghost.
FedoraBrony69's ghost is severely damaged.
FedoraBrony69's ghost gestures at you while chanting.
The orb of energy hits you!
You die...

...# .................#
...# ##..........#....#
...## ##..###.#..# ##.#
....# #... #.#..#....#
........#......#.......#
...##..##.#..###.##.##.#
....#### . .. #.# ...
...... .. #?# ####
#####. . #@# ## ..
....'...W.##. .#
...##.#).##.#.##
..?.........#
....)........#
.........[.<..#
....#..##..#.#
####....... .. ##.....#.
.#


You could see FedoraBrony69's ghost.

Vanquished Creatures
  Purgy (D:3)
  A sky beast (D:3)
  An ogre (D:3)
  An orc priest (D:3)
  Ijyb (D:2)
  2 worker ants (D:4)
  Robin (D:4)
  5 adders
  An ooze (D:2)
  2 worms
  2 giant geckos
  12 orcs
  2 ball pythons
  6 bats
  2 giant cockroaches
  14 goblins
  6 hobgoblins
  A jackal (D:3)
  12 kobolds
  3 quokkas
  5 giant newts
  7 rats
88 creatures vanquished.

Notes
Turn   | Place    | Note
--------------------------------------------------------------
     0 | D:1      | FedoraBrony69, the Deep Elf Conjurer, began the quest for the Orb.
     0 | D:1      | Reached XP level 1. HP: 10/10 MP: 6/6
    73 | D:1      | Reached XP level 2. HP: 12/15 MP: 0/8
   448 | D:1      | Reached skill level 5 in Conjurations
   867 | D:2      | Reached XP level 3. HP: 19/19 MP: 7/10
   885 | D:2      | Noticed Ijyb
   899 | D:2      | Killed Ijyb
  1041 | D:2      | Reached XP level 4. HP: 20/24 MP: 6/12
  1284 | D:2      | Found a deep blue altar of Sif Muna.
  1314 | D:2      | Became a worshipper of Sif Muna the Loreminder
  1617 | D:3      | Found a sacrificial altar of Ru.
  1697 | D:3      | Noticed an ogre
  1702 | D:3      | Killed an ogre
  1702 | D:3      | Reached skill level 5 in Spellcasting
  1702 | D:3      | Reached skill level 6 in Conjurations
  1702 | D:3      | Reached XP level 5. HP: 28/28 MP: 4/14
  1715 | D:3      | Learned a level 5 spell: Iskenderun's Battlesphere
  1719 | D:3      | Learned a level 3 spell: Dazzling Spray
  1892 | D:3      | Learned a level 4 spell: Iskenderun's Mystic Blast
  2205 | D:3      | Reached skill level 1 in Charms
  2522 | D:4      | Noticed Robin
  2531 | D:4      | Killed Robin
  2531 | D:4      | Acquired Sif Muna's first power
  2568 | D:3      | Reached XP level 6. HP: 28/32 MP: 6/16
  2637 | D:4      | Noticed Purgy
  2860 | D:4      | Found Ophelok's Magic Scroll Boutique.
  2864 | D:4      | Bought a scroll of noise for 13 gold pieces
  2864 | D:4      | Bought a scroll of identify for 26 gold pieces
  2864 | D:4      | Bought a scroll of fog for 26 gold pieces
  2864 | D:4      | Bought a scroll of identify for 26 gold pieces
  2864 | D:4      | Bought a scroll of remove curse for 39 gold pieces
  2864 | D:4      | Bought a scroll of identify for 26 gold pieces
  2864 | D:4      | Bought a scroll of identify for 26 gold pieces
  2864 | D:4      | Bought a scroll of identify for 26 gold pieces
  3244 | D:3      | Killed Purgy
  3496 | D:4      | Reached XP level 7. HP: 30/36 MP: 14/18
  3509 | D:4      | Noticed FedoraBrony69's ghost (average DECj)
  3513 | D:4      | Reached skill level 5 in Charms
  3521 | D:4      | Killed from afar by FedoraBrony69's ghost

Action                   |  1- 3 |  4- 6 |  7- 9 || total
-------------------------+-------+-------+-------++-------
Melee: Unarmed           |    10 |       |       ||    10
       Club              |     4 |       |       ||     4
       Spear             |       |    23 |     2 ||    25
 Cast: Magic Dart        |    54 |   121 |    18 ||   193
       Iskenderun's Myst |       |    15 |       ||    15
  Use: Potion            |       |     1 |       ||     1
  Eat: Chunk             |       |     7 |       ||     7
       Beef jerky        |       |     1 |       ||     1
